AoeStats
← Long John Silver

Black Forest

505661510Analyzed
4v4 RM · 22d ago on Sep 10, 2026· 18m 46s· 8 players
Game mode
Random Map
Map size
Large (8 player)
Population
200
Speed
Normal
Resources
Standard
Victory
Conquest
Starting age
Dark Age
Ending age
Imperial Age
RankedLock teamsTeams togetherTeam positionsShared explorationLock speedFull tech treeHidden civsTurbo modeCheats
Victory
Defeat
🇪🇸 Persians · Spain
1469
+14
🇩🇪 Saracens · Germany
1440
+15
🇦🇺 Dravidians · Australia
1399
+17
🇧🇷 Gurjaras · Brazil
1378
+18
🇨🇳 Armenians · China
1450
-17
🇺🇦 Romans · Ukraine
1440
-17
🇨🇳 Slavs · China
1398
-15
🇨🇳 Turks · China
1395
-15
old f1sh
3:03 Loom
10:39 Feudal Age
10:43 Man-at-Arms
Karabas
8:56 Feudal Age
9:31 Man-at-Arms
10:25 Loom
10:50 Scale Mail Armor
11:35 Double-Bit Axe
11:32 Horse Collar
14:55 Fletching
297539664
11:04 Feudal Age
15:07 Castle Age
14:35 Double-Bit Axe
15:13 Horse Collar
V我50%匡扶汉室
7:27 Loom
13:21 Feudal Age
17:04 Castle Age
16:32 Wheelbarrow
17:23 Horse Collar
17:34 Double-Bit Axe
18:28 Heavy Plow
18:43 Bow Saw
Hakka1_90
9:21 Feudal Age
9:29 Man-at-Arms
10:00 Double-Bit Axe
10:45 Arson
10:59 Loom
Melquiades3959
10:38 Feudal Age
14:26 Castle Age
13:14 Double-Bit Axe
13:10 Horse Collar
15:09 Bow Saw
15:13 Heavy Plow
commandokris
10:36 Feudal Age
15:42 Castle Age
14:00 Double-Bit Axe
14:56 Horse Collar
17:48 Heavy Plow
18:01 Bow Saw
Long John Silver
8:47 Feudal Age
10:45 Loom
13:28 Fletching
13:41 Double-Bit Axe
15:32 Wheelbarrow
Connection lost

Rejoining the realm…

Still unreachable

The connection could not be restored.

Session expired

The server has moved on; the page needs a fresh start.